 Dungeon Crawl Stone Soup version 0.26.1-2-gb8aa6d0cf2 (webtiles) character file.

Game seed: 12122977366766948884

2390 Ladykiller69 the Cleaver (level 9, 0/71 HPs)
             Began as a Formicid Fighter on Mar 9, 2021.
             Slain by a troll (6 damage)
             ... on level 7 of the Dungeon.
             The game lasted 00:14:44 (7241 turns).

Ladykiller69 the Cleaver (Formicid Fighter)         Turns: 7241, Time: 00:14:45

Health: 0/71       AC: 13    Str: 24    XL:     9   Next: 74%
Magic:  9/9        EV:  6    Int:  8    God:
Gold:   340        SH: 11    Dex: 10    Spells: 8/8 levels left

rFire    . . .     SeeInvis +   a - +0 war axe
rCold    . . .     Faith    .   c - +0 kite shield
rNeg     . . .     Spirit   .   z - +0 plate armour
rPois    .         Reflect  .   (helmet unavailable)
rElec    .         Harm     .   (no cloak)
rCorr    .         Rampage  .   (no gloves)
Will     .....                  (no boots)
Stlth    ..........             (no amulet)
HPRegen  0.21/turn              r - ring of wizardry
MPRegen  0.11/turn              (no ring)

@: mighty
A: permanent stasis, dig shafts and tunnels, four strong arms, antennae 3
a: Dig, Shaft Self


You were on level 7 of the Dungeon.
You visited 1 branch of the dungeon, and saw 7 of its levels.
You also visited: Sewer.

You collected 340 gold pieces.

Inventory:

Hand Weapons
 a - a +0 war axe (weapon)
Missiles
 j - 6 javelins (quivered)
Armour
 b - a +0 scale mail
 c - a +0 kite shield (worn)
 w - a +0 troll leather armour {Purgy}
 z - a +0 plate armour (worn)
Jewellery
 r - a ring of wizardry (left hand)
Scrolls
 e - a scroll of magic mapping {unknown}
 i - 3 scrolls of identify
 k - a scroll of enchant weapon {unknown}
 m - a scroll of immolation
 n - a scroll of amnesia {unknown}
 p - a scroll of remove curse
 t - 3 scrolls of fear
 v - a scroll of blinking {unknown}
 x - a scroll of noise {unknown}
Potions
 d - 3 potions of might
 f - 5 potions of curing
 g - a potion of berserk rage
 h - 2 potions of lignification
 l - a potion of degeneration {unknown}
 o - a potion of heal wounds
 q - 2 potions of haste {unknown}
 s - 2 potions of brilliance {unknown}
 u - 4 potions of flight {unknown}
 A - a potion of attraction {unknown}
 B - a potion of magic {unknown}


   Skills:
 + Level 6.9 Fighting
 * Level 8.0 Axes
 + Level 6.9 Armour
 - Level 0.1 Dodging
 + Level 7.7 Shields


You had 8 spell levels left.
You didn't know any spells.
Your spell library was empty.

Dungeon Overview and Level Annotations

Branches:
Dungeon (7/15)             Temple (0/1) D:6           Sewer (visited)

Altars:
Dithmenos
Elyvilon
Fedhas
Uskayaw
Yredelemnul

Shops:
D:5 }   D:6 (   D:7 *


Innate Abilities, Weirdness & Mutations

You cannot be hasted, slowed, berserked, paralysed or teleported.
You can dig through walls and to a lower floor.
Your four strong arms can wield two-handed weapons with a shield.
You have a pair of large antennae on your head. (SInv)


Message History

You feel very mighty all of a sudden. The troll bites you!
The troll barely misses you. You block the troll's attack.
You closely miss the troll. The troll bites you!
* * * LOW HITPOINT WARNING * * *
The troll claws you.
* * * LOW HITPOINT WARNING * * *
The troll closely misses you.
You slash the troll!
The troll is moderately wounded.
You block the troll's attack. x2; The troll claws you.
* * * LOW HITPOINT WARNING * * *
You closely miss the troll.
The troll is moderately wounded.
You block the troll's attack. The troll claws you but does no damage.
The troll claws you.
* * * LOW HITPOINT WARNING * * *
You slice the troll!!
The troll is severely wounded.
You block the troll's attack. The troll claws you.
You die...

###..........#
#..........#
#...)......#
#..........###### .
##..............####..
#.##......### .#.....
#.##....#.## .......
#..........###.......
###......⌠._@T.⌠.....
##.........#.......
#....#.....#.....#
#....####.........
#..... .....^....
#.##.. .#.......$ #..
#.. .. ........ #. ##
.. ......##


You could see a troll.

Vanquished Creatures
  Pikel (D:5)
  A troll (D:6)
  Eustachio (D:5)
  Menkaure (D:7)
  Edmund (D:5)
  Purgy (Sewer)
  An orc warrior (D:5)
  A sky beast (D:6)
  An ice beast (D:5)
  A phantom (D:5)
  3 ogres
  3 lemures (D:4)
  2 scorpions
  A howler monkey (D:5)
  2 hounds
  A jelly (D:5)
  A bullfrog skeleton (D:4)
  A gnoll shaman (D:5)
  2 orc priests (D:6)
  5 worker ants
  A hound skeleton (D:5)
  A worker ant zombie (D:6)
  3 gnolls (D:5)
  4 adders
  2 white imps
  An ufetubus (D:3)
  3 oozes
  2 worms
  A dart slug (D:1)
  2 leopard geckos
  5 orcs
  4 ball pythons
  7 bats
  4 giant cockroaches
  6 goblins
  3 hobgoblins
  6 jackals
  9 kobolds
  3 quokkas
  10 frilled lizards
  A jackal zombie (D:5)
  7 rats
116 creatures vanquished.

Notes
Turn   | Place    | Note
-------+----------+-------------------------------------------
     0 | D:1      | Ladykiller69 the Formicid Fighter began the quest for the
                  | Orb.
     0 | D:1      | Reached XP level 1. HP: 18/18 MP: 1/1
    59 | D:1      | Reached XP level 2. HP: 24/24 MP: 2/2
   473 | D:2      | Reached XP level 3. HP: 28/29 MP: 3/3
  1295 | D:3      | Reached XP level 4. HP: 37/37 MP: 4/4
  1540 | D:3      | Reached skill level 3 in Axes
  2162 | D:4      | Reached XP level 5. HP: 37/42 MP: 5/5
  2242 | D:4      | Noticed an ogre
  2395 | D:4      | Noticed an ogre
  2406 | D:4      | Killed an ogre
  2407 | D:4      | Reached XP level 6. HP: 48/48 MP: 6/6
  2416 | D:4      | Killed an ogre
  2417 | D:4      | Reached skill level 4 in Axes
  2417 | D:4      | Reached skill level 5 in Shields
  2720 | D:4      | Reached XP level 7. HP: 35/55 MP: 7/7
  2726 | D:4      | Found a glowing drain.
  2732 | Sewer    | Entered a sewer
  2936 | Sewer    | Noticed Purgy
  2961 | Sewer    | Killed Purgy
  3544 | D:5      | Entered Level 5 of the Dungeon
  3567 | D:5      | Reached skill level 5 in Armour
  3656 | D:5      | Reached skill level 5 in Axes
  3680 | D:5      | Reached skill level 5 in Fighting
  3834 | D:5      | Reached XP level 8. HP: 50/62 MP: 8/8
  3917 | D:5      | Noticed Eustachio
  3939 | D:5      | Killed Eustachio
  4026 | D:5      | Found a white marble altar of Elyvilon.
  4071 | D:5      | Noticed Edmund
  4086 | D:5      | Killed Edmund
  4087 | D:5      | Reached skill level 6 in Axes
  4274 | D:5      | Found Geso's Gadget Emporium.
  4592 | D:5      | Noticed Pikel
  4946 | D:5      | Killed Pikel
  4947 | D:5      | Reached skill level 7 in Axes
  4947 | D:5      | Reached XP level 9. HP: 13/69 MP: 9/9
  5948 | D:6      | Found Neryggag's Antique Weapon Shoppe.
  5960 | D:6      | Noticed a troll
  5984 | D:6      | Killed a troll
  6310 | D:6      | Found a staircase to the Ecumenical Temple.
  6453 | D:6      | Found a hide-covered altar of Uskayaw.
  6545 | D:6      | Found a shadowy altar of Dithmenos.
  6636 | D:6      | Found a blossoming altar of Fedhas.
  6915 | D:6      | Noticed a manticore
  6950 | D:7      | Noticed a troll
  7215 | D:7      | Found a basalt altar of Yredelemnul.
  7218 | D:7      | Found Ryahurch's Wicked Wares.
  7224 | D:7      | Noticed Menkaure
  7235 | D:7      | Killed Menkaure
  7236 | D:7      | Reached skill level 8 in Axes
  7241 | D:7      | Slain by a troll

Illustrated notes

Levels and vault maps discovered:
D:1:      ncdulo_lavacross, layout_rooms, hangedman_abyss_or_decor_stabs,
          minmay_fountain_box
D:2:      layout_loops_ring
D:3:      layout_basic
D:4:      layout_loops_cross, cheibrodos_sewer_entry_bend
D:5:      layout_cave_pools, serial_shops, shop, elyvilon_altar_1, uniq_edmund,
          uniq_pikel, uniq_eustachio
D:6:      minmay_klotski, layout_basic, kennysheep_mini, fedhas_altar_4,
          nicolae_dithmenos_through_a_glass_darkly, minmay_temple_entry_waves,
          serial_shops, shop
D:7:      layout_rooms, overflow_temple_1_default, serial_shops, shop, shop,
          shop, minmay_misc_feat_ornament, nicolae_evil_shop, uniq_menkaure

Skill      XL: |  1  2  3  4  5  6  7  8  9 |
---------------+----------------------------+-----
Shields        | 4 5 7 |  7.7
Axes           | 3 4 5 7 8 |  8.0
Armour         | 4 5 6 |  6.9
Fighting       | 4 5 6 |  6.9
Dodging        | |  0.1

Action                   |  1- 3 |  4- 6 |  7- 9 || total
-------------------------+-------+-------+-------++-------
Melee: War axe           |    82 |   109 |   307 ||   498
Throw: Javelin           |       |       |     4 ||     4
 Abil: Dig               |     2 |       |     5 ||     7
  Use: Potion            |     2 |       |     2 ||     4
       Scroll            |       |       |     5 ||     5
Armor: Scale mail        |    44 |    41 |    84 ||   169
       Plate armour      |       |       |    51 ||    51
Dodge: Dodged            |    29 |    36 |   112 ||   177
Block: Kite shield       |    53 |    57 |   195 ||   305
